 Dungeon Crawl Stone Soup version 0.27-a0-1532-gca18f49f40 (webtiles) character file.

Game seed: 9332795720006196616

36581 nyamberluvr69 the Nimble (level 13, -1/99 HPs)
             Began as an Octopode Berserker on July 12, 2021.
             Was a High Priest of Trog.
             Slain by a four-headed hydra (4 damage)
             ... on level 5 of the Lair of Beasts.
             The game lasted 00:36:47 (27796 turns).

nyamberluvr69 the Nimble (Octopode Berserker)      Turns: 27796, Time: 00:36:47

Health: -1/99      AC:  5    Str: 16    XL:     13   Next: 91%
Magic:  22/22      EV: 21    Int: 19    God:    Trog [*****.]
Gold:   1178       SH:  0    Dex: 16    Spells: 12/12 levels left

rFire    . . .     SeeInvis .   L - +4 great sword (flame)
rCold    + . .     Faith    .   (shield currently unavailable)
rNeg     . . .     Spirit   .   B - +2 hat {Int+3}
rPois    .         Reflect  .   (no amulet)
rElec    .         Harm     .   s - +6 ring of intelligence
rCorr    .         Rampage  .   f - ring of magical power
Will     .....     Clarity  +   (no ring)
Stlth    ++........             (no ring)
HPRegen  0.26/turn              (no ring)
MPRegen  0.18/turn              (no ring)
                                (no ring)
                                (no ring)

@: on berserk cooldown, slowed, very slow
A: almost no armour, amphibious, 8 rings, camouflage 1, gelatinous body 1,
(nimble swimmer 1), tentacles, iridescent scales 1, clarity, cold resistance 1
a: Renounce Religion, Berserk, Trog's Hand, Brothers in Arms


You were on level 5 of the Lair of Beasts.
You worshipped Trog.
Trog was extremely pleased with you.
You visited 2 branches of the dungeon, and saw 16 of its levels.
You also visited: Bailey.

You collected 1178 gold pieces.

Inventory:

Hand Weapons
 a - a +0 falchion
 g - a +3 short sword of protection
 m - a +0 scimitar
 L - a +4 great sword of flaming (weapon)
Missiles
 e - 3 throwing nets
 F - 3 atropa-tipped darts (quivered)
 H - 4 curare-tipped darts
Armour
 B - a +2 hat of intelligence (worn)
Jewellery
 f - a ring of magical power (right tentacle)
 h - an amulet of magic regeneration
 r - a ring of poison resistance
 s - a +6 ring of intelligence (left tentacle)
Wands
 o - a wand of acid (13)
 y - a wand of paralysis (6)
 I - a wand of mindburst (21)
 K - a wand of iceblast (18)
Scrolls
 b - 3 scrolls of enchant armour
 c - a scroll of immolation
 d - a scroll of torment
 k - a scroll of fog
 q - a scroll of noise
 w - 2 scrolls of fear
 x - a scroll of brand weapon
 A - a scroll of holy word
 J - 2 scrolls of magic mapping
Potions
 i - a potion of berserk rage
 j - a potion of flight
 l - 2 potions of haste
 n - 2 potions of magic
 p - 8 potions of heal wounds
 t - 5 potions of might
 u - 2 potions of brilliance {unknown}
 v - a potion of lignification {unknown}
 z - a potion of attraction {unknown}
 C - 2 potions of curing {unknown}
 D - 6 potions of mutation
 E - a potion of experience {unknown}
 G - 2 potions of degeneration {unknown}
 M - a potion of ambrosia {unknown}


   Skills:
 - Level 13.5 Fighting
 - Level 13.5 Long Blades
 + Level 13.8 Dodging


You had 12 spell levels left.
You didn't know any spells.
Your spell library was empty.

Dungeon Overview and Level Annotations

Branches:
Dungeon (11/15)            Temple (0/1) D:5            Lair (5/6) D:11
 Shoals (0/4) Lair:2        Snake (0/4) Lair:3       Bailey (visited)
  Slime: Lair:5-6       Orc: D:9-12

Altars:
Dithmenos
Elyvilon
Fedhas
Qazlal
Ru
Trog
Zin
Beogh

Shops:
D:1 !   D:5 [

Annotations:
D:3 3 runed translucent doors, TerrariaFan's ghost, amateur MiFi
D:11 exclusion: ice statue


Innate Abilities, Weirdness & Mutations

You cannot wear most types of armour.
You are amphibious.
You can wear up to eight rings at the same time.
Your skin changes colour to match your surroundings (Stealth+).
Your rubbery body absorbs attacks. (AC +1, EV +1)
((You are camouflaged near water. (Stealth+)))
You have tentacles for arms and can constrict up to eight enemies at once.
You are partially covered in iridescent scales. (AC +2)
You possess an exceptional clarity of mind.
Your flesh is cold resistant. (rC+)


Message History

The water moccasin bites you but does no damage.
The basilisk bites you! The four-headed hydra bites you.
The four-headed hydra bites you but does no damage.
The four-headed hydra barely misses you.
The four-headed hydra bites you! The water moccasin bites you.
The four-headed hydra bites you!
* * * LOW HITPOINT WARNING * * *
The four-headed hydra completely misses you.
The four-headed hydra bites you!
* * * LOW HITPOINT WARNING * * *
The four-headed hydra bites you.
* * * LOW HITPOINT WARNING * * *
The basilisk bites you!
* * * LOW HITPOINT WARNING * * *
The water moccasin bites you but does no damage.
The water moccasin bites you.
* * * LOW HITPOINT WARNING * * *
The basilisk bites you.
* * * LOW HITPOINT WARNING * * *
The four-headed hydra barely misses you. x2
The four-headed hydra bites you but does no damage.
The four-headed hydra bites you.
* * * LOW HITPOINT WARNING * * *
The water moccasin bites you.
* * * LOW HITPOINT WARNING * * *
The basilisk bites you. The four-headed hydra bites you.
* * * LOW HITPOINT WARNING * * *
The four-headed hydra barely misses you.
The four-headed hydra bites you. x2
You turn to flesh and can move again.
There is a stone staircase leading up here.
As you read the scroll of fear, it crumbles to dust.
You assume a fearsome visage.
The fungus is unaffected. x2
The water moccasin looks frightened!
The basilisk looks frightened!
The four-headed hydra resists with almost no effort.
The four-headed hydra misses you.
The four-headed hydra barely misses you.
The four-headed hydra completely misses you.
The four-headed hydra bites you.
You die...

##... ......
#.... ....##
#...###.P.#..
#.....#...#.
##...........
#PS..........
#.......$....
##...Dl......
#...@.......
#.....#.####
#...###.#
#.... . ##...
. #..$ #.
#..# #..


You could see a four-headed hydra, a basilisk (fleeing) and a water moccasin
(fleeing).

Vanquished Creatures
  4 boulder beetles
  2 hydras
  Harold (Lair:2)
  2 two-headed ogres (D:10)
  An orc knight (Bailey)
  Pikel (D:6)
  A necromancer (Lair:3)
  9 elephants
  An ugly thing (D:11)
  5 centaur zombies
  9 cane toads
  4 black mambas
  A gargoyle (D:10)
  6 komodo dragons
  2 unseen horrors (D:11)
  A kobold demonologist (D:9)
  3 rime drakes
  A polar bear (Lair:2)
  4 trolls
  Prince Ribbit (D:6)
  5 blink frogs (Lair:3)
  A slime creature (D:8)
  A shadow (D:10)
  2 wyverns
  A spriggan (D:7)
  36 yaks
  2 wraiths
  4 basilisks
  Menkaure (D:5)
  A vampire mosquito (D:8)
  An acid dragon (D:11)
  10 water moccasins
  5 orc warriors
  A black bear (D:7)
  3 ice beasts
  2 sky beasts (D:8)
  2 ogres
  9 centaurs
  A necrophage (D:6)
  5 wolves (Lair:2)
  Blork the orc (D:4)
  12 bullfrogs
  18 kobold brigands
  2 gnoll sergeants (D:9)
  A scorpion (D:7)
  A wyvern skeleton (D:6)
  2 water moccasin zombies
  2 water moccasin skeletons
  2 killer bees (D:9)
  3 howler monkeys
  3 jellies
  A centaur skeleton (D:6)
  11 orc priests
  3 gnoll shamans
  2 hounds
  4 iguanas
  9 orc wizards
  3 yak simulacra (Lair:3)
  3 polar bear simulacra (Lair:3)
  A wolf simulacrum (Lair:3)
  A hound skeleton (D:4)
  26 gnolls
  2 adders
  A white imp (D:5)
  An ufetubus (D:6)
  An adder skeleton (D:4)
  2 worms
  A dart slug (D:3)
  47 orcs
  11 endoplasms
  2 giant cockroaches (D:1)
  11 goblins
  16 hobgoblins
  2 jackals (D:1)
  3 quokkas
  5 ball pythons
  9 bats (Lair:3)
  4 frilled lizards
  22 kobolds
  4 rats
  4 river rat simulacra (Lair:3)
411 creatures vanquished.

Vanquished Creatures (collateral kills)
  A hydra (Lair:1)
1 creature vanquished.

Vanquished Creatures (others)
  23 fungi
  44 plants
67 creatures vanquished.

Grand Total: 479 creatures vanquished

Notes
Turn   | Place    | Note
-------+----------+-------------------------------------------
     0 | D:1      | nyamberluvr69 the Octopode Berserker began the quest for
                  | the Orb.
     0 | D:1      | Reached XP level 1. HP: 16/16 MP: 1/1
   417 | D:1      | Reached XP level 2. HP: 21/21 MP: 2/2
   596 | D:1      | Found Bexzius's Distillery.
  1113 | D:2      | Reached XP level 3. HP: 3/26 MP: 3/3
  1729 | D:2      | Found a faded altar of an unknown god.
  2141 | D:2      | Reached ** piety under Trog
  2833 | D:3      | Reached XP level 4. HP: 30/33 MP: 4/4
  3045 | D:3      | Found a runed translucent gate.
  3045 | D:3      | Found a runed translucent gate.
  3045 | D:3      | Found a runed translucent gate.
  3046 | D:3      | Noticed a kobold brigand
  3055 | D:3      | Noticed TerrariaFan's ghost (amateur MiFi)
  3292 | D:4      | Found a bloodstained altar of Trog.
  3417 | D:4      | Noticed Blork the orc
  3417 | D:4      | Noticed an ice beast
  3441 | D:3      | Killed an ice beast
  3442 | D:3      | Reached XP level 5. HP: 4/38 MP: 5/5
  3732 | D:4      | Killed Blork the orc
  3733 | D:4      | Reached skill level 5 in Fighting
  3733 | D:4      | Reached skill level 5 in Long Blades
  3733 | D:4      | Reached XP level 6. HP: 37/45 MP: 6/6
  5011 | D:4      | Found a sacrificial altar of Ru.
  5013 | D:4      | Found a blossoming altar of Fedhas.
  5015 | D:5      | Entered Level 5 of the Dungeon
  5036 | D:5      | Reached XP level 7. HP: 50/51 MP: 7/7
  5661 | D:5      | Found a staircase to the Ecumenical Temple.
  5726 | D:5      | Noticed Menkaure
  5730 | D:5      | Killed Menkaure
  5731 | D:5      | Reached XP level 8. HP: 58/58 MP: 8/8
  5804 | D:5      | Found Zavo's Armour Emporium.
  6391 | D:6      | Reached *** piety under Trog
  6870 | D:6      | Noticed Prince Ribbit
  6877 | D:6      | Killed Prince Ribbit
  6960 | D:6      | Noticed a wyvern
  6973 | D:6      | Killed a wyvern
  7160 | D:6      | Noticed Pikel
  7169 | D:6      | Killed Pikel
  7170 | D:6      | Reached XP level 9. HP: 67/67 MP: 9/9
  8065 | D:6      | Found a stormy altar of Qazlal.
  9138 | D:7      | Reached skill level 10 in Fighting
  9138 | D:7      | Reached skill level 10 in Long Blades
  9506 | D:7      | Gained mutation: You are partially covered in iridescent
                  | scales. (AC +2) [potion of mutation]
  9506 | D:7      | Gained mutation: Your flesh is cold resistant. (rC+)
                  | [potion of mutation]
  9506 | D:7      | Gained mutation: You possess an exceptional clarity of
                  | mind. [potion of mutation]
  9591 | D:8      | Reached XP level 10. HP: 76/76 MP: 10/10
  9620 | D:8      | Reached **** piety under Trog
 10251 | D:8      | Found a glowing silver altar of Zin.
 12003 | D:9      | Found a flagged portal.
 12014 | Bailey   | Entered a bailey
 12488 | Bailey   | Noticed an orc knight
 12525 | Bailey   | Reached ***** piety under Trog
 12791 | Bailey   | Killed an orc knight
 13649 | D:9      | Noticed a purple ugly thing
 13879 | D:9      | Noticed a kobold demonologist
 14326 | D:9      | Killed a kobold demonologist
 14327 | D:9      | Reached XP level 11. HP: 85/85 MP: 11/11
 15078 | D:10     | Entered Level 10 of the Dungeon
 15976 | D:10     | Found a white marble altar of Elyvilon.
 15979 | D:10     | Noticed a two-headed ogre
 15989 | D:10     | Killed a two-headed ogre
 16812 | D:11     | Found a shadowy altar of Dithmenos.
 16844 | D:11     | Received a gift from Trog
 16895 | D:11     | Found a staircase to the Lair.
 17534 | D:11     | Noticed a two-headed ogre
 17534 | D:11     | Noticed a purple ugly thing
 17535 | D:11     | Noticed a boulder beetle
 17546 | D:11     | Noticed a boulder beetle
 17555 | D:11     | Killed a purple ugly thing
 17562 | D:10     | Killed a two-headed ogre
 17563 | D:10     | Reached XP level 12. HP: 72/94 MP: 12/12
 17569 | D:10     | Killed a boulder beetle
 18295 | D:11     | HP: 2/94 [boulder beetle (29)]
 18297 | D:11     | Killed a boulder beetle
 18298 | D:11     | Reached skill level 5 in Dodging
 19344 | Lair:1   | Entered Level 1 of the Lair of Beasts
 19428 | Lair:1   | Noticed a five-headed hydra
 19456 | Lair:1   | Killed a four-headed hydra
 20789 | Lair:2   | Noticed a boulder beetle
 21486 | Lair:2   | You fall into a shaft and drop 1 floor!
 21967 | Lair:3   | Noticed a boulder beetle
 22296 | Lair:2   | Killed a boulder beetle
 22297 | Lair:2   | Reached skill level 10 in Dodging
 22297 | Lair:2   | Reached XP level 13. HP: 32/99 MP: 13/13
 22647 | Lair:2   | Noticed Harold
 23805 | Lair:2   | Found a staircase to the Shoals.
 23993 | Lair:2   | Killed Harold
 24427 | Lair:3   | HP: 4/99 [blink frog (8)]
 25046 | Lair:3   | Found a staircase to the Snake Pit.
 27795 | Lair:5   | HP: 4/99 [water moccasin (3)]
 27796 | Lair:5   | Slain by a four-headed hydra

Illustrated notes

Levels and vault maps discovered:
D:1:      dpeg_arrival_prison, layout_basic, serial_shops, shop
D:2:      layout_loops_ring, ebering_ecumenical_altar_rust, nrook_uturn,
          minmay_pentomino_v4
D:3:      layout_loops_ring, gammafunk_ghost_nasty_kobolds,
          amcnicky_mini_pool_small
D:4:      cheibrodos_pilgrimage, layout_basic, nicolae_overflow_hidden_temple,
          uniq_blork_the_orc
D:5:      layout_basic, minmay_temple_entry_drinking_statues, serial_shops,
          shop, minmay_misc_feat_iff, uniq_menkaure
D:6:      layout_basic, mainiacjoe_overflow_alcove_2, uniq_pikel,
          uniq_prince_ribbit1
D:7:      layout_basic, the_hattery
D:8:      layout_basic, zin_scriptorium, special_room [special_room_orc],
          minmay_three_doors
D:9:      minmay_bubble_buster, layout_small_grid, enter_bailey_3, special_room
          [special_room_kobold]
D:10:     layout_long_grid, elyvilon_altar_3
D:11:     minmay_four_partial_circles, layout_irregular_city, lair_entry_dummy,
          minivault_15, nicolae_dithmenos_shadow_blocks
Lair:1:   layout_cave_pods, chequers_serial_rivers_micro_d, lemuel_fruit_tree
Lair:2:   layout_chaotic_city, minmay_shoals_entry_centaurs,
          chequers_serial_rivers_large_b, hangedman_lair_generics_rect,
          uniq_harold
Lair:3:   layout_loops_ring, minmay_snake_entry_six_corridors, roderic_batcave,
          chequers_serial_rivers_small_b, eino_house_with_fridge,
          grunt_megastairs_1
Lair:4:   layout_regular_city, grunt_megastairs_5, lemuel_fruit_fields,
          lemuel_fruit_fields
Lair:5:   layout_regular_city, dpeg_oklob_1, grunt_megastairs_3

Skill      XL: |  1  2  3  4  5  6  7  8  9 10 11 12 13 |
---------------+----------------------------------------+-----
Fighting       | 4 5 6 8 10 11 13 | 13.5
Long Blades    | 4 5 6 8 10 11 13 | 13.5
Dodging        | 10 13 | 13.8

Action                   |  1- 3 |  4- 6 |  7- 9 | 10-12 | 13-15 || total
-------------------------+-------+-------+-------+-------+-------++-------
Melee: Falchion          |    76 |     8 |       |       |       ||    84
       Constrict         |    15 |    12 |    40 |    76 |    32 ||   175
       Tentacles         |    12 |    11 |    49 |   150 |    60 ||   282
       Scimitar          |       |    41 |   162 |   359 |       ||   562
       Great sword       |       |       |       |   179 |   208 ||   387
Throw: Throwing net      |       |       |       |     4 |       ||     4
       Dart              |       |       |       |       |     2 ||     2
Invok: Berserk           |     2 |     3 |    12 |    24 |     9 ||    50
       Trog's Hand       |       |       |     1 |     2 |       ||     3
       Brothers in Arms  |       |       |       |     1 |     1 ||     2
Evoke: Wand              |       |       |       |     1 |       ||     1
  Use: Scroll            |       |       |     6 |     4 |    15 ||    25
       Potion            |       |       |     1 |       |       ||     1
 Stab: Sleeping          |    11 |     5 |     5 |    12 |     3 ||    36
       Distracted        |       |       |     1 |     1 |     1 ||     3
       Paralysed         |       |       |       |     3 |       ||     3
Armor: Skin              |     2 |     1 |     8 |   102 |    32 ||   145
Dodge: Dodged            |    31 |    25 |    94 |   372 |   196 ||   718
       Rpst.: Falchion   |    10 |     1 |       |       |       ||    11
       Scimitar          |       |     6 |    24 |    56 |       ||    86
       Great sword       |       |       |       |    22 |    43 ||    65

Table legend: (Time is in decaauts)
 A = Elapsed time spent in this place.
 B = Non-inter-level travel time spent in this place.
 C = Inter-level travel time spent in this place.
 D = Time resting spent in this place.
 E = Time spent auto-exploring this place.
 F = Levels seen in this place.
 G = Mean time per level.
                   A        B        C        D        E       F      G
               +--------+--------+--------+--------+--------+-----+--------+
         Total |  28210 |  27637 |    573 |  12270 |  11874 |  17 | 1659.4 |
       Dungeon |  18365 |  17955 |    410 |   7098 |   8753 |  11 | 1669.5 |
          Lair |   8579 |   8416 |    163 |   4370 |   2978 |   5 | 1715.8 |
        Bailey |   1265 |   1265 |      0 |    801 |    143 |   1 | 1265.0 |
               +--------+--------+--------+--------+--------+-----+--------+

Top non-repeatable levels by time:
  Lair:2: 3030 daAuts
  Lair:3: 2644 daAuts
     D:8: 2447 daAuts
    D:10: 2213 daAuts
    D:11: 2123 daAuts
     D:9: 1913 daAuts
     D:6: 1810 daAuts
  Lair:1: 1762 daAuts
     D:4: 1458 daAuts
     D:7: 1439 daAuts
     D:2: 1344 daAuts
     D:5: 1344 daAuts
  Bailey: 1265 daAuts
     D:3: 1190 daAuts
  Lair:4: 1127 daAuts
